 Dungeon Crawl Stone Soup version 0.19.4-10-g532645f (webtiles) character file.

56 Rrauwl the Charmwright (level 3, -5/25 HPs)
             Began as an Octopode Skald on Feb 25, 2017.
             Slain by an iguana (7 damage)
             ... on level 3 of the Dungeon.
             The game lasted 00:05:40 (2095 turns).

Rrauwl the Charmwright (Octopode Skald)             Turns: 2095, Time: 00:05:42

Health: -5/25      AC:  1    Str: 11    XL:     3   Next: 97%
Magic:  4/6        EV: 10    Int: 14    God:
Gold:   142        SH:  0    Dex: 12    Spells: 1 memorised, 5 levels left

rFire  . . .     SeeInvis .     n - +3 dagger
rCold  . . .     Gourm    .     (no shield)
rNeg   . . .     Faith    .     (helmet restricted)
rPois  .         Spirit   .     (no amulet)
rElec  .         Reflect  .     (no ring)
rCorr  .         Harm     .     (no ring)
MR     .....                    (no ring)
Stlth  +++.......               (no ring)
                                (no ring)
                                (no ring)
                                (no ring)
                                (no ring)

@: infused, constricted
A: almost no armour, stealthy swim, amphibious, 8 rings, constrict 8, camouflage
1, gelatinous body 1
a: no special abilities


You were on level 3 of the Dungeon.
You were not hungry.

You visited 1 branch of the dungeon, and saw 3 of its levels.

You collected 142 gold pieces.

Inventory:

Hand Weapons
 j - a +2 dagger of holy wrath
 n - a +3 dagger (weapon)
Scrolls
 a - a scroll of identify {unknown}
 e - a scroll of enchant weapon {unknown}
 h - a scroll of noise {unknown}
 k - 2 scrolls of remove curse {unknown}
 l - 2 scrolls of random uselessness {unknown}
 o - a scroll of blinking {unknown}
 q - a scroll of recharging {unknown}
Potions
 d - a potion of might {unknown}
 g - a potion of haste {unknown}
 m - 4 potions of curing {unknown}
 p - a potion of degeneration {unknown}
Books
 b - a book of Battle

   Spells                             Type                      Level
   a - Infusion                       Charms                       1
   b - Shroud of Golubria             Charms/Translocation         2
   c - Song of Slaying                Charms                       2
   d - Spectral Weapon                Hexes/Charms                 3
   e - Regeneration                   Charms/Necromancy            3
Comestibles
 c - 3 bread rations
 f - 4 meat rations
 i - a beef jerky


   Skills:
 + Level 2.5 Fighting
 + Level 2.6 Short Blades
 + Level 1.6 Dodging
 + Level 1.1 Stealth
 + Level 2.2 Spellcasting
 + Level 3.6 Charms


You had 5 spell levels left.
You knew the following spells:

 Your Spells              Type           Power        Failure   Level  Hunger
a - Infusion              Chrm           ##..         6%          1    #......


Dungeon Overview and Level Annotations

Branches:
Dungeon (3/15)

Altars:


Innate Abilities, Weirdness & Mutations

You cannot wear most types of armour.
You are very stealthy in the water. (Stealth+)
You are amphibious.
You can wear up to eight rings at the same time.
You can use your tentacles to constrict eight enemies at once.
Your skin changes colour to match your surroundings (Stealth+).
Your rubbery body absorbs attacks. (AC +1, EV +1)


Message History

The iguana is moderately wounded.
You constrict the iguana, but do no damage.
The iguana bites you.
You hit the iguana.
You squeeze the iguana, but do no damage.
The iguana is moderately wounded.
You constrict the iguana. The iguana bites you!
Ouch! That really hurt!
* * * LOW HITPOINT WARNING * * *
The ball python closely misses you. The ball python grabs you.
* * * LOW HITPOINT WARNING * * *
The ball python constricts you.
You hit the iguana.
You squeeze the iguana, but do no damage.
The iguana is severely wounded.
You constrict the iguana, but do no damage.
The ball python barely misses you.
* * * LOW HITPOINT WARNING * * *
The ball python constricts you. The iguana bites you!
You die...

..... ### ....#
#.# #..#.# ...
....?# #.# ...#.#
# ####.# .....
.#.##....###S.#
...........@l.##.#
#............#
#.....##..##.#
####..##..#
#..##..#
#..##..##. #.
#.........
####.###......##.
..........#....#.#


You could see an iguana and a ball python.

Vanquished Creatures
  An adder (D:2)
  2 dart slugs (D:1)
  A worm (D:3)
  A leopard gecko (D:2)
  3 bats
  2 giant cockroaches (D:1)
  6 goblins
  5 hobgoblins
  3 jackals (D:1)
  A quokka (D:3)
  5 frilled lizards
  3 kobolds
  6 rats
39 creatures vanquished.

Notes
Turn   | Place    | Note
-------+----------+-------------------------------------------
     0 | D:1      | Rrauwl the Octopode Skald began the quest for the Orb.
     0 | D:1      | Reached XP level 1. HP: 14/14 MP: 3/3
   298 | D:1      | Reached XP level 2. HP: 13/19 MP: 5/5
   683 | D:1      | Reached XP level 3. HP: 17/25 MP: 6/6
  2070 | D:3      | Reached skill level 1 in Stealth
  2095 | D:3      | Slain by an iguana

Skill      XL: |  1  2  3 |
---------------+----------+-----
Stealth        | 1 |  1.1
Fighting       | |  2.5
Short Blades   | |  2.6
Dodging        | |  1.6
Spellcasting   | |  2.2
Charms         | |  3.6

Action                   || total
-------------------------++-------
Melee: Short sword       ||    34
       Constrict         ||    20
       Tentacles         ||    14
       Dagger            ||    60
 Cast: Infusion          ||     1
 Stab: Sleeping          ||     5
  Eat: Chunk             ||     4
Armor: Skin              ||     6
Dodge: Dodged            ||    35
